 Dungeon Crawl Stone Soup version 0.31-a0-845-g9abc20d24f (console) character file.

Game seed: 4907189187084118247

37025 jejorda2 the Cleaver (level 13, -10/159 HPs)
             Began as a Gnoll Berserker on Oct 2, 2023.
             Was an Elder of Trog.
             Mangled by a death yak (20 damage)
             ... on level 4 of the Lair of Beasts.
             The game lasted 00:54:38 (16241 turns).

jejorda2 the Cleaver (Gnoll Berserker)             Turns: 16241, Time: 00:54:39

Health: -10/159    AC: 28    Str: 20    XL:     13   Next: 94%
Magic:  25/25      EV:  6    Int:  7    God:    Trog [****..]
Gold:   353        SH:  0    Dex: 13    Spells: 29/29 levels left

rFire   + . .        a - +0 war axe
rCold   + . .        (no shield)
rNeg    . . .        P - +0 gold dragon scales
rPois   +            F - +2 hat
rElec   .            O - +0 cloak
rCorr   .            (no gloves)
SInv    .            E - +2 pair of boots
Will    +....        t - amulet of regeneration Stlth
                     w - ring of willpower
HPRegen 1.26/turn    N - +4 ring of protection
MPRegen 0.19/turn

%: no passive effects
@: berserking, lethally poisoned (-10 -> -25), studying Axes, very quick
A: fangs 1, strong nose, distributed training
a: Renounce Religion, Berserk, Trog's Hand, Brothers in Arms


You were on level 4 of the Lair of Beasts.
You worshipped Trog.
Trog was greatly pleased with you.
You visited 2 branches of the dungeon, and saw 15 of its levels.
You also visited: Sewer and Bailey.

You collected 1153 gold pieces.
You spent 800 gold pieces at shops.

Inventory:

Hand Weapons
 a - a +0 war axe (weapon)
 b - a +0 dire flail
Missiles
 e - a curare-tipped dart
 i - 58 poisoned darts (quivered)
 o - 14 boomerangs
 x - a throwing net
Armour
 E - a +2 pair of boots (worn)
 F - a +2 hat (worn)
 O - a +0 cloak (worn)
 P - +0 gold dragon scales (worn)
Jewellery
 f - a ring of resist corrosion
 m - a ring of see invisible
 t - an amulet of regeneration (around neck)
 u - a ring of flight
 w - a ring of willpower (left hand)
 K - a ring of protection from fire
 N - a +4 ring of protection (right hand)
Wands
 n - a wand of digging (2)
 r - a wand of light (9)
 v - a wand of roots (5)
 J - a wand of mindburst (10)
 M - a wand of flame (23)
 S - a wand of paralysis (5)
 T - a wand of polymorph (4)
Scrolls
 g - 6 scrolls of teleportation
 h - 2 scrolls of poison
 k - 2 scrolls of fear
 A - a scroll of revelation
 C - 2 scrolls of fog
 D - a scroll of blinking
 L - 2 scrolls of immolation
Potions
 c - 4 potions of enlightenment
 d - 2 potions of mutation
 j - a potion of curing
 l - a potion of magic {unknown}
 p - a potion of haste {unknown}
 q - 5 potions of ambrosia
 y - a potion of invisibility {unknown}
 z - 4 potions of attraction
 B - a potion of berserk rage {unknown}
 H - a potion of resistance
 I - a potion of might {unknown}
 Q - a potion of heal wounds
Miscellaneous
 G - a condenser vane (inert)


   Skills:
 + Level 11.0 Fighting
 + Level 8.9 Short Blades
 + Level 8.9 Long Blades
 + Level 12.8 Axes
 + Level 8.9 Maces & Flails
 + Level 8.9 Polearms
 + Level 8.9 Staves
 + Level 8.9 Ranged Weapons
 + Level 8.9 Throwing
 + Level 10.0 Armour
 + Level 10.0 Dodging
 + Level 8.9 Stealth
 + Level 8.9 Shields
 + Level 8.9 Unarmed Combat
 + Level 8.9 Spellcasting
 + Level 7.4 Conjurations
 + Level 7.4 Hexes
 + Level 7.4 Summonings
 + Level 7.4 Necromancy
 + Level 7.4 Translocations
 + Level 7.4 Transmutations
 + Level 7.4 Fire Magic
 + Level 7.4 Ice Magic
 + Level 7.4 Air Magic
 + Level 7.4 Earth Magic
 + Level 7.4 Poison Magic
 + Level 9.7 Invocations
 + Level 8.9 Evocations
 + Level 8.1 Shapeshifting


You had 29 spell levels left.
You didn't know any spells.
Your spell library was empty.

Dungeon Overview and Level Annotations

Branches:
Dungeon (10/15)            Temple (0/1) D:7            Lair (5/5) D:8
  Swamp (0/4) Lair:3       Spider (0/4) Lair:2        Slime (0/5) Lair:4
    Orc (0/2) D:9           Sewer (visited)          Bailey (visited)

Altars:
Cheibriados
Dithmenos
Elyvilon
Gozag
Hepliaklqana
Qazlal
Sif Muna
Trog
Xom
Yredelemnul
Jiyva

Shops:
D:4 [   D:8 (   D:10 (


Innate Abilities, Weirdness & Mutations

You have very sharp teeth.
Your uncanny sense of smell can sniff out nearby items.
Your experience applies equally to all skills.


Message History

You hit the death yak but do no damage.
The death yak is severely wounded.
You hit the death yak but do no damage. You hit the death yak.
You hit the black mamba.
You feel sick.
The black mamba bites you but does no damage.
The death yak gores you but does no damage.
The death yak gores you!! The death yak gores you!
* * * LOW HITPOINT WARNING * * *
The black mamba bites you!
* * * LOW HITPOINT WARNING * * *
You slash the death yak! You punch the death yak!
The death yak is almost dead.
You hit the death yak but do no damage. You slash the death yak!
You hit the black mamba.
You feel sick.
Unknown command.
You slice the death yak!!
The death yak is heavily wounded.
You hit the death yak.
You kill the death yak!
Trog accepts your kill.
You hit the death yak. You closely miss the black mamba.
The black mamba bites you!
* * * LOW HITPOINT WARNING * * *
The death yak gores you but does no damage.
The death yak closely misses you. The black mamba bites you.
* * * LOW HITPOINT WARNING * * *
You are lethally poisoned!
The black mamba poisons you!
Unknown command.
You barely miss the death yak.
You bite the death yak, but do no damage.
The death yak is heavily wounded.
You hit the death yak. You slash the black mamba!
* * * LOW HITPOINT WARNING * * *
You feel very sick.
The black mamba bites you but does no damage.
The death yak gores you.
* * * LOW HITPOINT WARNING * * *
The death yak gores you!!
You die...

##.## #...# #...### #...# ###
#.....#### ####...######P###
#........###:###...##.#..#.###
##..##...##........†..........
#####....#............P#.#.#.
###...P....##.....P######
#......Y...####.### #
###....@...# ### #...YS...##
#### ##.........#########.##
#..(......!..##........
##.....#....P.....#..#.
##....P..P.)..........
##.......#...........
#...#...............
#.P......>...P.>..<.


You could see 2 death yaks and a black mamba.

Vanquished Creatures
  Josephine (Lair:3)
  Fannar (Lair:3)
  A hydra (Lair:2)
  A two-headed ogre (D:8)
  5 death yaks (Lair:4)
  2 skysharks
  An orc knight (Bailey)
  2 cyclopes (D:8)
  An ugly thing (D:8)
  14 elephants
  Joseph (D:9)
  Maurice (D:10)
  4 black mambas
  9 cane toads
  An unseen horror (D:8)
  7 komodo dragons
  A kobold demonologist (D:9)
  3 trolls
  12 blink frogs
  A polar bear (Lair:5)
  A spriggan (D:7)
  19 yaks
  6 wyverns
  6 basilisks
  A vampire (D:10)
  5 wraiths
  Grum (D:9)
  3 steam dragons
  2 vampire mosquitoes (D:6)
  An acid dragon (D:10)
  7 water moccasins
  Duvessa (D:4)
  8 orc warriors
  A sky beast (D:7)
  An ice beast (D:6)
  3 black bears
  2 ogres (D:6)
  5 centaurs
  14 wolves
  A phantom (D:7)
  6 kobold brigands
  13 bullfrogs
  A gnoll sergeant (D:8)
  12 wights
  3 scorpions
  Dowan (D:4)
  7 killer bees (D:9)
  4 howler monkeys
  7 electric eels
  8 hounds
  4 jellies
  6 orc priests
  A gnoll bouda (D:7)
  3 iguanas
  A sickly merfolk siren (Sewer)
  12 orc wizards
  6 hell rats (Lair:3)
  A malarious merfolk avatar (Sewer)
  8 adders
  4 gnolls (D:6)
  4 river rats (D:5)
  A shadow imp (D:7)
  2 ufetubi
  A worm (D:4)
  3 dart slugs
  44 orcs
  4 bats
  7 endoplasms
  6 giant cockroaches
  7 goblins
  2 hobgoblins
  4 jackals (D:1)
  21 kobolds
  4 quokkas
  14 ball pythons
  8 frilled lizards
  20 rats
417 creatures vanquished.

Vanquished Creatures (collateral kills)
  An acid dragon (D:8)
1 creature vanquished.

Grand Total: 418 creatures vanquished

Notes
Turn   | Place    | Note
-------+----------+-------------------------------------------
     0 | D:1      | jejorda2 the Gnoll Berserker began the quest for the Orb.
     0 | D:1      | Reached XP level 1. HP: 23/23 MP: 1/1
    37 | D:1      | Reached XP level 2. HP: 25/29 MP: 2/2
   563 | D:1      | Reached XP level 3. HP: 26/35 MP: 3/3
   793 | D:2      | Reached skill level 1 in Invocations
   860 | D:2      | Reached skill level 1 in Short Blades
   860 | D:2      | Reached skill level 1 in Long Blades
   860 | D:2      | Reached skill level 1 in Maces & Flails
   860 | D:2      | Reached skill level 1 in Polearms
   860 | D:2      | Reached skill level 1 in Staves
   860 | D:2      | Reached skill level 1 in Ranged Weapons
   860 | D:2      | Reached skill level 1 in Throwing
   860 | D:2      | Reached skill level 1 in Stealth
   860 | D:2      | Reached skill level 1 in Shields
   860 | D:2      | Reached skill level 1 in Unarmed Combat
   860 | D:2      | Reached skill level 1 in Spellcasting
   860 | D:2      | Reached skill level 1 in Evocations
   880 | D:2      | Reached ** piety under Trog
  1504 | D:3      | Reached XP level 4. HP: 41/41 MP: 5/5
  1517 | D:3      | Reached skill level 1 in Shapeshifting
  1577 | D:3      | Reached skill level 1 in Conjurations
  1577 | D:3      | Reached skill level 1 in Hexes
  1577 | D:3      | Reached skill level 1 in Summonings
  1577 | D:3      | Reached skill level 1 in Necromancy
  1577 | D:3      | Reached skill level 1 in Translocations
  1577 | D:3      | Reached skill level 1 in Transmutations
  1577 | D:3      | Reached skill level 1 in Fire Magic
  1577 | D:3      | Reached skill level 1 in Ice Magic
  1577 | D:3      | Reached skill level 1 in Air Magic
  1577 | D:3      | Reached skill level 1 in Earth Magic
  1577 | D:3      | Reached skill level 1 in Poison Magic
  1584 | D:3      | Reached XP level 5. HP: 28/47 MP: 5/7
  2450 | D:4      | Found a hazy altar of Hepliaklqana.
  2565 | D:4      | Found a shadowy altar of Dithmenos.
  2572 | D:4      | Reached XP level 6. HP: 53/53 MP: 8/8
  2577 | D:4      | Reached skill level 5 in Armour
  2577 | D:4      | Reached skill level 5 in Dodging
  2899 | D:4      | Noticed Dowan
  2899 | D:4      | Noticed Duvessa
  2929 | D:4      | Killed Dowan
  2942 | D:4      | Killed Duvessa
  2943 | D:4      | Reached XP level 7. HP: 59/59 MP: 10/10
  3033 | D:4      | Reached skill level 7 in Axes
  3367 | D:4      | Found Siegfried's Dragon-Slaying Spoils.
  3425 | D:5      | Entered Level 5 of the Dungeon
  3486 | D:5      | Found a glowing drain.
  3525 | Sewer    | Entered a sewer
  3591 | Sewer    | Reached *** piety under Trog
  4608 | D:5      | Reached XP level 8. HP: 61/67 MP: 12/12
  5049 | D:6      | Found a shimmering altar of Xom.
  5544 | D:6      | Reached XP level 9. HP: 73/73 MP: 14/14
  5607 | D:6      | Found a bloodstained altar of Trog.
  5979 | D:7      | Reached **** piety under Trog
  6107 | D:7      | Found a white marble altar of Elyvilon.
  6396 | D:7      | Found a basalt altar of Yredelemnul.
  6473 | D:7      | Reached skill level 8 in Axes
  6539 | D:7      | Found a staircase to the Ecumenical Temple.
  6573 | D:7      | Reached skill level 5 in Invocations
  6940 | D:7      | Found a snail-covered altar of Cheibriados.
  6999 | D:8      | Noticed a two-headed ogre
  7013 | D:8      | Killed a two-headed ogre
  7014 | D:8      | Reached XP level 10. HP: 62/80 MP: 15/17
  7111 | D:8      | Reached skill level 5 in Short Blades
  7111 | D:8      | Reached skill level 5 in Long Blades
  7111 | D:8      | Reached skill level 5 in Maces & Flails
  7111 | D:8      | Reached skill level 5 in Polearms
  7111 | D:8      | Reached skill level 5 in Staves
  7111 | D:8      | Reached skill level 5 in Ranged Weapons
  7111 | D:8      | Reached skill level 5 in Throwing
  7111 | D:8      | Reached skill level 5 in Stealth
  7111 | D:8      | Reached skill level 5 in Shields
  7111 | D:8      | Reached skill level 5 in Unarmed Combat
  7111 | D:8      | Reached skill level 5 in Spellcasting
  7111 | D:8      | Reached skill level 5 in Evocations
  7206 | D:8      | Found a staircase to the Lair.
  7272 | D:8      | Found Saikal's Antique Weapon Boutique.
  7356 | D:8      | Found a large runed translucent door.
  7356 | D:8      | Found a large runed translucent door.
  7402 | D:8      | Noticed an unseen horror
  7420 | D:8      | Killed an unseen horror
  7443 | D:8      | Noticed a cyclops
  7443 | D:8      | Noticed a cyclops
  7453 | D:8      | Found a large runed translucent door.
  7453 | D:8      | Found a large runed translucent door.
  7456 | D:8      | Killed a cyclops
  7457 | D:8      | Reached skill level 5 in Shapeshifting
  7458 | D:8      | Killed a cyclops
  7902 | D:8      | Noticed a cyan ugly thing
  7912 | D:8      | Killed a cyan ugly thing
  7913 | D:8      | Reached skill level 9 in Axes
  8236 | D:9      | Noticed Grum
  8248 | D:9      | Reached XP level 11. HP: 87/87 MP: 19/19
  8255 | D:9      | Killed Grum
  8348 | D:9      | Reached skill level 5 in Conjurations
  8348 | D:9      | Reached skill level 5 in Hexes
  8348 | D:9      | Reached skill level 5 in Summonings
  8348 | D:9      | Reached skill level 5 in Necromancy
  8348 | D:9      | Reached skill level 5 in Translocations
  8348 | D:9      | Reached skill level 5 in Transmutations
  8348 | D:9      | Reached skill level 5 in Fire Magic
  8348 | D:9      | Reached skill level 5 in Ice Magic
  8348 | D:9      | Reached skill level 5 in Air Magic
  8348 | D:9      | Reached skill level 5 in Earth Magic
  8348 | D:9      | Reached skill level 5 in Poison Magic
  8519 | D:9      | Noticed a sun demon
  8918 | D:9      | Found a staircase to the Orcish Mines.
  9013 | D:9      | Found a stormy altar of Qazlal.
  9063 | D:9      | Noticed Joseph
  9087 | D:9      | Killed Joseph
  9369 | D:10     | Entered Level 10 of the Dungeon
  9397 | D:10     | Noticed Maurice
  9472 | D:10     | Found Dyshogh's Antique Weapon Shop.
  9553 | D:10     | Maurice stole a +4 ring of protection
  9554 | D:10     | Maurice stole 14 boomerangs
  9557 | D:10     | Killed Maurice
  9605 | D:10     | Found a flagged portal.
  9632 | Bailey   | Entered a bailey
  9639 | Bailey   | Reached skill level 10 in Axes
  9812 | Bailey   | Noticed an orc knight
  9852 | Bailey   | Killed an orc knight
 10264 | D:4      | Bought +0 gold dragon scales for 800 gold pieces
 10702 | D:10     | Found a shimmering blue altar of Sif Muna.
 10931 | Lair:1   | Entered Level 1 of the Lair of Beasts
 11093 | Lair:1   | Reached XP level 12. HP: 39/96 MP: 22/22
 11986 | Lair:2   | Noticed a seven-headed hydra
 12214 | Lair:2   | Reached skill level 11 in Axes
 12252 | Lair:2   | Reached skill level 10 in Fighting
 12398 | Lair:2   | Found a hole to the Spider Nest.
 12784 | Lair:2   | Killed a seven-headed hydra
 13576 | Lair:3   | Noticed Fannar
 13589 | Lair:3   | Killed Fannar
 13641 | Lair:3   | Reached XP level 13. HP: 49/104 MP: 23/25
 14131 | Lair:3   | Found a staircase to the Swamp.
 14163 | Lair:3   | Noticed Josephine
 14177 | Lair:3   | Killed Josephine
 14178 | Lair:3   | Reached skill level 12 in Axes
 14671 | Lair:3   | Found an opulent altar of Gozag.
 15082 | Lair:4   | Identified the +3 kite shield "Hithukh" {Rampage MP-9 Int+5
                  | SInv}
 15576 | Lair:4   | Found an opulent altar of Gozag.
 15667 | Lair:4   | Found a viscous altar of Jiyva.
 15667 | Lair:4   | Found a staircase to the Slime Pits.
 15919 | Lair:5   | Entered Level 5 of the Lair of Beasts
 16061 | Lair:5   | Reached skill level 10 in Armour
 16061 | Lair:5   | Reached skill level 10 in Dodging
 16241 | Lair:4   | Mangled by a death yak

Illustrated notes

Levels and vault maps discovered:
D:1:      mainiacjoe_arrival_reflecting_pool, layout_basic, hex_medium,
          minmay_crystal_room
D:2:      layout_loops_ring, minmay_hexomino_u4
D:3:      layout_loops_ring, serial_rivers, chequers_serial_rivers_micro_d,
          chequers_serial_rivers_room_b, chequers_serial_rivers_small_3,
          chequers_serial_rivers_large_a, chequers_serial_rivers_micro_e,
          chequers_serial_rivers_room_a, minmay_between
D:4:      layout_basic, nicolae_hepliaklqana_hazy_memory,
          nicolae_dithmenos_shadow_blocks, columned_hall_lemuel,
          nicolae_shop_dragon_depot, uniq_duvessa
D:5:      layout_loops_ring, portal_sewer_entry_e
D:6:      layout_loops_corners, mainiacjoe_overflow_paths,
          kennysheep_little_box, dreamdust_gnoll_farm
D:7:      layout_loops_cross, kennysheep_mini_moat, kennysheep_ying_yang,
          minmay_temple_entry_hall, st_stairs_3, minmay_misc_feat_rugged,
          the_hattery
D:8:      layout_basic, erik_lair_island, serial_shops, shop,
          minmay_hollow_rounded_squares
D:9:      layout_basic, nicolae_qazlal_style_of_elements, orc_0_dummy,
          uniq_grum, uniq_joseph
D:10:     layout_rooms, marbit_many_paths, enter_bailey_8, serial_shops, shop,
          uniq_maurice
Lair:1:   layout_regular_city
Lair:2:   layout_cave_pods, spider_nest_entry_web_field
Lair:3:   layout_regular_city, swamp_mist, serial_bayou, serial_bayou_shore_b,
          serial_bayou_pond_e, serial_bayou_lake_a, serial_bayou_lagoon_b,
          lemuel_centaur_altar, uniq_fannar, uniq_josephine
Lair:4:   layout_misc_corridors, slime_entry_1, basic_altar
Lair:5:   hangedman_lair_caniforms_friends, layout_long_grid,
          hangedman_lair_tendril_chambers, gammafunk_ghost_abyssal_escape

Skill      XL: |  1  2  3  4  5  6  7  8  9 10 11 12 13 |
---------------+----------------------------------------+-----
Invocations    | 1 2 3 4 5 6 7 8 9 |  9.7
Short Blades   | 1 2 3 4 5 6 8 |  8.9
Long Blades    | 1 2 3 4 5 6 8 |  8.9
Maces & Flails | 1 2 3 4 5 6 8 |  8.9
Polearms       | 1 2 3 4 5 6 8 |  8.9
Staves         | 1 2 3 4 5 6 8 |  8.9
Ranged Weapons | 1 2 3 4 5 6 8 |  8.9
Throwing       | 1 2 3 4 5 6 8 |  8.9
Stealth        | 1 2 3 4 5 6 8 |  8.9
Shields        | 1 2 3 4 5 6 8 |  8.9
Unarmed Combat | 1 2 3 4 5 6 8 |  8.9
Spellcasting   | 1 2 3 4 5 6 8 |  8.9
Evocations     | 1 2 3 4 5 6 8 |  8.9
Shapeshifting  | 1 2 3 4 5 6 7 8 |  8.1
Conjurations   | 1 2 3 4 5 6 7 |  7.4
Hexes          | 1 2 3 4 5 6 7 |  7.4
Summonings     | 1 2 3 4 5 6 7 |  7.4
Necromancy     | 1 2 3 4 5 6 7 |  7.4
Translocations | 1 2 3 4 5 6 7 |  7.4
Transmutations | 1 2 3 4 5 6 7 |  7.4
Fire Magic     | 1 2 3 4 5 6 7 |  7.4
Ice Magic      | 1 2 3 4 5 6 7 |  7.4
Air Magic      | 1 2 3 4 5 6 7 |  7.4
Earth Magic    | 1 2 3 4 5 6 7 |  7.4
Poison Magic   | 1 2 3 4 5 6 7 |  7.4
Armour         | 5 6 7 8 9 10 | 10.0
Dodging        | 5 6 7 8 9 10 | 10.0
Fighting       | 7 8 9 10 11 | 11.0
Axes           | 7 8 9 10 11 12 | 12.8

Action                     |  1- 3 |  4- 6 |  7- 9 | 10-12 | 13-15 || total
---------------------------+-------+-------+-------+-------+-------++-------
  Melee: Hand axe          |    78 |   108 |   164 |       |       ||   350
         Bite              |     9 |    12 |    38 |   110 |    60 ||   229
         Punch             |       |     1 |    15 |    36 |    33 ||    85
         Flail             |       |       |    62 |       |       ||    62
         War axe           |       |       |   140 |   834 |   385 ||  1359
         Morningstar       |       |       |       |     3 |       ||     3
  Throw: Dart              |       |       |     7 |    65 |    36 ||   108
 Invoke: Berserk           |       |     3 |    10 |    27 |    11 ||    51
         Trog's Hand       |       |     2 |     5 |    11 |     5 ||    23
         Brothers in Arms  |       |       |       |     1 |       ||     1
  Evoke: Wand              |       |       |       |     5 |     6 ||    11
         Condenser vane    |       |       |       |     1 |     1 ||     2
    Use: Scroll            |       |       |    15 |    10 |     3 ||    28
         Potion            |       |       |       |     2 |       ||     2
 Armour: Animal skin       |    12 |       |       |       |       ||    12
         Ring mail         |    11 |       |       |       |       ||    11
         Scale mail        |    17 |       |       |       |       ||    17
         Plate armour      |     3 |    78 |   236 |       |       ||   317
         Chain mail        |       |       |   103 |   483 |       ||   586
         Gold dragon scale |       |       |       |   395 |   416 ||   811
  Dodge: Dodged            |    49 |    34 |   174 |   413 |   108 ||   778

Table legend: (Time is in decaauts)
 A = Elapsed time spent in this place.
 B = Non-inter-level travel time spent in this place.
 C = Inter-level travel time spent in this place.
 D = Time resting spent in this place.
 E = Time spent auto-exploring this place.
 F = Levels seen in this place.
 G = Mean time per level.
                   A        B        C        D        E       F      G
               +--------+--------+--------+--------+--------+-----+--------+
         Total |  16710 |  15743 |    967 |   2364 |   9587 |  17 |  982.9 |
       Dungeon |  10257 |   9464 |    793 |    918 |   6397 |  10 | 1025.7 |
          Lair |   5434 |   5260 |    174 |   1202 |   2865 |   5 | 1086.8 |
         Sewer |    580 |    580 |      0 |    151 |    208 |   1 |  580.0 |
        Bailey |    438 |    438 |      0 |     93 |    117 |   1 |  438.0 |
               +--------+--------+--------+--------+--------+-----+--------+

Top non-repeatable levels by time:
  Lair:2: 1609 daAuts
  Lair:3: 1502 daAuts
     D:8: 1415 daAuts
     D:9: 1212 daAuts
     D:6: 1178 daAuts
     D:4: 1103 daAuts
     D:7: 1103 daAuts
  Lair:1: 1102 daAuts
     D:3: 1038 daAuts
  Lair:4: 1026 daAuts
     D:5: 1006 daAuts
    D:10: 791 daAuts
     D:1: 727 daAuts
     D:2: 679 daAuts
   Sewer: 580 daAuts
